 Dungeon Crawl Stone Soup version 0.30.1 (webtiles) character file.

Game seed: 9701043934053268692

44 Heoruswealwe the Conjurer (level 3, -2/19 HPs)
             Began as a Deep Elf Conjurer on July 10, 2023.
             Slain by Robin
             ... wielding a +1 short sword of venom
              (5 damage)
             ... on level 2 of the Dungeon.
             The game lasted 00:09:12 (1009 turns).

Heoruswealwe the Conjurer (Deep Elf Conjurer)       Turns: 1009, Time: 00:09:13

Health: -2/19      AC:  2    Str:  1 (4)  XL:     3   Next: 39%
Magic:  0/19       EV: 12    Int: 21 (24) God:
Gold:   99         SH:  0    Dex: 12 (13) Spells: 7/10 levels left

rFire   . . .        (no weapon)
rCold   . . .        (no shield)
rNeg    . . .        c - +0 robe
rPois   .            (no helmet)
rElec   .            (no cloak)
rCorr   .            (no gloves)
SInv    .            (no boots)
Will    .....        (no amulet)
Stlth   ++           k - ring of magical power
HPRegen 0.23/turn    (no ring)
MPRegen 0.16/turn

%: no passive effects
@: lethally poisoned (-2 -> -9), attractive
A: no striking features
a: no special abilities


You were on level 2 of the Dungeon.
You visited 1 branch of the dungeon, and saw 2 of its levels.

You collected 99 gold pieces.

Inventory:

Armour
 c - a +0 robe (worn)
Jewellery
 k - a ring of magical power (left hand)
Scrolls
 a - 2 scrolls of identify {unknown}
 f - a scroll of enchant armour {unknown}
 g - a scroll of magic mapping {unknown}
 h - a scroll of butterflies {unknown}
 i - a scroll of vulnerability {unknown}
Potions
 b - a potion of magic


   Skills:
 - Level 2.4 Dodging
 - Level 2.4 Stealth
 + Level 4.3 Spellcasting
 + Level 5.1 Conjurations


You had 7 spell levels left.
You knew the following spells:

 Your Spells              Type           Power      Damage    Failure   Level
a - Magic Dart            Conj           100%       1d8       1%          1
b - Searing Ray           Conj           52%        2d6       2%          2

Your spell library contained the following spells:

 Spells                   Type           Power      Damage    Failure   Level
 Dazzling Flash           Conj/Hex       30%        N/A       12%         3
 Fulminant Prism          Conj/Hex       7%         3d7       38%         4
 Iskenderun's Mystic Bla  Conj/Tloc      15%        2d5       38%         4


Dungeon Overview and Level Annotations

Branches:
Dungeon (2/15)

Altars:

Annotations:
D:2 Robin


Message History

The magic dart hits the hobgoblin.
You kill the hobgoblin!
Robin attacks as you move away!
Robin hits you with a +1 short sword of venom.
You are lethally poisoned!
* * * LOW HITPOINT WARNING * * *
You feel very sick.
Items here: ( )) †.
* * * LOW HITPOINT WARNING * * *
You feel sick.
It was a potion of attraction.
You feel attractive to monsters.
* * * LOW HITPOINT WARNING * * *
You feel sick.
Robin hits you with a +1 short sword of venom.
* * * LOW HITPOINT WARNING * * *
You are more poisoned.
It was a potion of heal wounds.
You feel much better.
You feel very sick.
Robin hits you with a +1 short sword of venom.
You are lethally poisoned!
You feel very sick.
You feel very sick.
It was a potion of degeneration.
There was something very wrong with that liquid.
You feel weakened.
You feel dopey.
You feel clumsy.
* * * LOW HITPOINT WARNING * * *
You feel very sick. Robin closely misses you.
Casting: Magic Dart (safe; 1% risk of failure)
Confirm with . or Enter, or press ? or * to list all spells.
Aiming: Magic Dart (safe; 1% risk of failure)
Press: ? - help, Shift-Dir - straight line, f - Robin
Aim: Robin, wielding a +1 short sword of venom, wearing a +0 animal skin and wearing a +2 helmet (lightly wounded, 100% to hit)
The magic dart hits Robin.
Robin is lightly wounded.
* * * LOW HITPOINT WARNING * * *
You feel sick.
Robin hits you with a +1 short sword of venom.
You die...

#....# #....# )....
#....# #....# )...
#....# #....#####).#
#.)..# #......##.).
#....# #....#..#)#
#....# #....##.).#
#....# ####.##..##
####....#
#####..#))##...
#.##....###....@g......#
#.###.####...........#.#
#...)..###...........# #
####...##....##...#....#
##........###..#.##...
#........###..#.. .##
#### #.........##..###.
# #..# #....).....>...
.. #..####..##...###.


You could see Robin.

Vanquished Creatures
  A dart slug (D:2)
  2 ball pythons (D:1)
  4 endoplasms
  5 hobgoblins
  4 kobolds
  A quokka (D:1)
  A bat (D:2)
  3 frilled lizards (D:1)
  12 goblins (D:2)
  A rat (D:1)
34 creatures vanquished.

Notes
Turn   | Place    | Note
-------+----------+-------------------------------------------
     0 | D:1      | Heoruswealwe the Deep Elf Conjurer began the quest for the
                  | Orb.
     0 | D:1      | Reached XP level 1. HP: 10/10 MP: 6/6
   325 | D:1      | Reached XP level 2. HP: 15/15 MP: 5/8
   328 | D:1      | Learned a level 2 spell: Searing Ray
   981 | D:2      | Reached skill level 5 in Conjurations
   981 | D:2      | Reached XP level 3. HP: 19/19 MP: 10/10
   988 | D:2      | Noticed Robin
  1009 | D:2      | Slain by Robin

Illustrated notes

Levels and vault maps discovered:
D:1:      lemuel_arrival_cross, layout_loops_corners,
          minmay_misc_feat_more_columns
D:2:      layout_rooms, uniq_natasha, uniq_robin

Skill      XL: |  1  2 |
---------------+-------+-----
Spellcasting   | 4 |  4.3
Conjurations   | 5 |  5.1
Dodging        | |  2.4
Stealth        | |  2.4

Action                     || total
---------------------------++-------
   Cast: Magic Dart        ||    55
    Use: Potion            ||     3
 Armour: Robe              ||     2
  Dodge: Dodged            ||     5
